 Dungeon Crawl Stone Soup version 0.26-a0-200-g62faa89a7e (webtiles) character file.

Game seed: 13231834146403910029

9218 Flugkiller the Tainter (level 11, -2/71 HPs)
             Began as an Octopode Venom Mage on July 5, 2020.
             Was an Elder of Cheibriados.
             Slain by a hippogriff (7 damage)
             ... on level 11 of the Dungeon.
             The game lasted 00:42:15 (3554 turns).

Flugkiller the Tainter (Octopode Venom Mage)        Turns: 3554, Time: 00:42:16

Health: -2/71      AC:  1    Str: 17    XL:     11   Next: 43%
Magic:  10/18      EV: 22    Int: 31    God:    Cheibriados [****..]
Gold:   399        SH:  6    Dex: 23    Spells: 7/20 levels left

rFire    . . .     SeeInvis .   E - +5 long sword
rCold    . . .     Faith    .   g - +0 buckler
rNeg     . . .     Spirit   .   (helmet restricted)
rPois    .         Reflect  .   (no amulet)
rElec    .         Harm     .   w - ring of attention (curse)
rCorr    .                      (no ring)
MR       .....                  (no ring)
Stlth    +++.......             (no ring)
HPRegen  0.21/turn              (no ring)
MPRegen  0.16/turn              (no ring)
                                (no ring)
                                (no ring)

@: very slow
A: almost no armour, stealthy swim, amphibious, 8 rings, constrict 8, camouflage
1, gelatinous body 1
a: Bend Time, Temporal Distortion, Slouch, Renounce Religion


You were on level 11 of the Dungeon.
You worshipped Cheibriados.
Cheibriados was greatly pleased with you.
You were not hungry.

You visited 2 branches of the dungeon, and saw 12 of its levels.

You collected 399 gold pieces.

Inventory:

Hand Weapons
 s - a +0 scimitar
   (You took it off an orc warrior on level 9 of the Dungeon)
 y - a +0 trident
   (You found it on level 7 of the Dungeon)
 z - a +0 dagger of venom
   (You took it off an orc priest on level 9 of the Dungeon)
 A - a +2 whip of distortion
   (You took it off an orc on level 10 of the Dungeon)
 E - a +5 long sword (weapon)
   (You took it off Urug on level 10 of the Dungeon)
Missiles
 l - 5 silver boomerangs
 n - 88 arrows
 p - 7 boomerangs (quivered)
 D - 6 javelins
Armour
 g - a +0 buckler (worn)
   (You took it off a gnoll sergeant on level 10 of the Dungeon)
Jewellery
 w - a cursed ring of attention (left tentacle)
   (You found it on level 11 of the Dungeon)
Wands
 h - a wand of polymorph (13)
   (You found it on level 4 of the Dungeon)
 k - a wand of acid (13)
   (You found it on level 3 of the Dungeon)
 q - a wand of paralysis (4)
   (You found it on level 9 of the Dungeon)
Scrolls
 a - 3 scrolls of teleportation
 c - a scroll of fog
 d - 2 scrolls of remove curse
 e - 2 scrolls of magic mapping
 m - 2 scrolls of blinking
 o - a scroll of enchant armour
 u - a scroll of enchant weapon {unknown}
 v - a scroll of amnesia
 x - a scroll of fear
 B - a scroll of holy word {unknown}
Potions
 f - a potion of resistance
 i - 2 potions of stabbing
 j - 3 potions of lignification
 r - 4 potions of flight
 t - 2 potions of magic
Comestibles
 b - 8 rations


   Skills:
 - Level 5.0 Fighting
 + Level 9.8 Dodging
 - Level 5.0 Stealth
 - Level 4.0 Shields
 - Level 5.0 Spellcasting
 - Level 1.0 Transmutations
 - Level 11.0 Poison Magic
 - Level 8.0 Invocations
 - Level 3.0 Evocations


You had 7 spell levels left.
You knew the following spells:

 Your Spells              Type           Power        Failure   Level  Hunger
a - Sting                 Tmut/Pois      ####         1%          1    None
b - Poisonous Vapours     Pois/Air       #####.       1%          2    None
c - Ignite Poison         Fire/Tmut/Pois ####....     3%          3    None
d - Olgreb's Toxic Radia  Pois           ######..     1%          4    ###....
e - Mephitic Cloud        Conj/Pois/Air  ####....     3%          3    None

Your spell library contained the following spells:

 Spells                   Type           Power        Failure   Level  Hunger


Dungeon Overview and Level Annotations

Branches:
Dungeon (11/15)            Temple (1/1) D:6             Orc (0/2) D:9
   Lair: D:8-11

Altars:
Ashenzari
Cheibriados
Dithmenos
Elyvilon
Fedhas
Gozag
Hepliaklqana
Kikubaaqudgha
Makhleb
Nemelex Xobeh
Okawaru
Qazlal
Ru
Sif Muna
Trog
Uskayaw
Vehumet
Wu Jian
Xom
Yredelemnul
Zin
The Shining One

Shops:
D:3 *

Annotations:
D:3 2 transporters, Terence; ohados's ghost, amateur TeAE
D:5 2 transporters
D:6 exclusion: centaur


Innate Abilities, Weirdness & Mutations

You cannot wear most types of armour.
You are very stealthy in the water. (Stealth+)
You are amphibious.
You can wear up to eight rings at the same time.
You can use your tentacles to constrict eight enemies at once.
Your skin changes colour to match your surroundings (Stealth+).
Your rubbery body absorbs attacks. (AC +1, EV +1)


Message History

Evoke which item? (* to show all) (? for menu, Esc to quit)
Okay, then.
Evoke which item? (* to show all) (? for menu, Esc to quit)
Aiming: Corrosive Bolt
Press: ? - help, Shift-Dir - straight line, f - yak
Aim: a yak (heavily wounded)
The bolt of acid hits the yak!
The yak is splashed with acid.
You kill the yak!
Cheibriados thoroughly appreciates the change of pace.
The yak misses you.
You riposte.
You hit the yak.
You kill the yak!
Cheibriados thoroughly appreciates the change of pace.
Things that are here:
a +0 giant club; a +0 giant spiked club
There is an open door here.
Okay, then.
You open the door.
There is an open door here.
You see here a potion of flight.
You see here a potion of flight.
r - 4 potions of flight (gained 1) Autopickup is now on.
A hippogriff comes into view.
The hippogriff screeches!
The hippogriff barely misses you. x2; The hippogriff misses you.
Evoke which item? (* to show all) (? for menu, Esc to quit)
Aiming: Paralyse
Press: ? - help, Shift-Dir - straight line, f - hippogriff
Aim: a hippogriff (chance to defeat MR: 50%)
The hippogriff resists with some effort.
The hippogriff misses you. x2; The hippogriff closely misses you.
Evoke which item? (* to show all) (? for menu, Esc to quit)
Okay, then.
Unknown command.
Evoke which item? (* to show all) (? for menu, Esc to quit)
Aiming: Paralyse
Press: ? - help, Shift-Dir - straight line, f/p - hippogriff
Aim: a hippogriff (chance to defeat MR: 50%)
The hippogriff resists with some effort.
The hippogriff misses you. The hippogriff pecks you!
* * * LOW HITPOINT WARNING * * *
The hippogriff claws you!
* * * LOW HITPOINT WARNING * * *
Evoke which item? (* to show all) (? for menu, Esc to quit)
Aiming: Paralyse
Press: ? - help, Shift-Dir - straight line, f/p - hippogriff
Aim: a hippogriff (chance to defeat MR: 50%)
The hippogriff resists with some effort.
You block the hippogriff's attack. The hippogriff pecks you!
You die...

#.... #. #.# ###
#..###
##.##.##..##.
##..##.
#............
#......
#............
#......
#............
#......
#............
#......
#.....H......
#...... #@#######
#..###.
##.##.)..####††###)
#...............#..
#...............#..
#...............#..
############'#####'
##....##..
#.........
#.........


You could see a hippogriff.

Vanquished Creatures
  2 two-headed ogres
  Urug (D:10)
  An ugly thing (D:10)
  Joseph (D:7)
  2 hippogriffs
  A spriggan (D:8)
  20 yaks
  A basilisk (D:8)
  2 hungry ghosts (D:9)
  A two-headed ogre zombie (D:9)
  2 water moccasins (D:9)
  An orc warrior (D:9)
  2 phantoms (D:9)
  A sky beast (D:6)
  2 ogres
  A centaur (D:6)
  3 bullfrogs
  A gnoll sergeant (D:10)
  2 scorpions
  A troll zombie (D:9)
  8 killer bees
  2 howler monkeys
  5 hounds
  3 bullfrog skeletons
  2 orc priests
  A jelly (D:8)
  2 orc wizards
  Jessica (D:2)
  Ijyb (D:5)
  4 iguanas
  8 worker ants
  3 ogre zombies (D:9)
  A hound zombie (D:9)
  A hound skeleton (D:9)
  2 worker ant zombies
  4 gnolls (D:10)
  3 howler monkey skeletons
  10 adders
  A shadow imp (D:9)
  2 ufetubi (D:10)
  An adder zombie (D:7)
  A worm (D:4)
  A dart slug (D:2)
  4 leopard geckos
  23 orcs
  5 giant cockroaches
  4 goblins
  4 hobgoblins
  8 jackals
  A kobold (D:3)
  3 quokkas
  4 bats
  6 frilled lizards
  2 goblin skeletons (D:9)
  3 goblin zombies (D:9)
  2 hobgoblin skeletons (D:9)
  A jackal zombie (D:6)
  3 orc skeletons (D:9)
  14 orc zombies (D:9)
  4 rats
206 creatures vanquished.

Notes
Turn   | Place    | Note
-------+----------+-------------------------------------------
     0 | D:1      | Flugkiller the Octopode Venom Mage began the quest for the
                  | Orb.
     0 | D:1      | Reached XP level 1. HP: 11/11 MP: 3/3
   170 | D:2      | Reached skill level 4 in Poison Magic
   170 | D:2      | Reached XP level 2. HP: 15/17 MP: 1/5
   185 | D:2      | Noticed Jessica
   189 | D:2      | Killed Jessica
   189 | D:2      | Reached XP level 3. HP: 20/21 MP: 0/7
   284 | D:2      | Learned a level 2 spell: Poisonous Vapours
   315 | D:3      | Found a transporter.
   319 | D:3      | Noticed ohados's ghost (amateur TeAE)
   374 | D:3      | Reached XP level 4. HP: 24/27 MP: 1/8
   412 | D:3      | Noticed an ogre
   413 | D:3      | Found Zin's Purification Station.
   447 | D:3      | Reached skill level 5 in Poison Magic
   461 | D:3      | Learned a level 4 spell: Olgreb's Toxic Radiance
   495 | D:3      | Found a transporter.
   500 | D:3      | Noticed Terence
   567 | D:3      | Found an iron altar of Okawaru.
   578 | D:3      | Found a glowing silver altar of Zin.
   784 | D:3      | Killed an ogre
   784 | D:3      | Reached skill level 6 in Poison Magic
   784 | D:3      | Reached XP level 5. HP: 12/31 MP: 4/9
   868 | D:5      | Entered Level 5 of the Dungeon
   874 | D:5      | Reached skill level 7 in Poison Magic
   874 | D:5      | Reached XP level 6. HP: 14/36 MP: 5/10
   886 | D:5      | Learned a level 3 spell: Ignite Poison
   914 | D:5      | Noticed a phantom
   979 | D:5      | Found a transporter.
   989 | D:5      | Found a transporter.
  1074 | D:5      | Reached skill level 8 in Poison Magic
  1099 | D:5      | Noticed Ijyb
  1118 | D:5      | Killed Ijyb
  1185 | D:4      | Reached XP level 7. HP: 22/41 MP: 4/12
  1453 | D:4      | Learned a level 3 spell: Mephitic Cloud
  1499 | D:6      | Reached skill level 1 in Fighting
  1669 | D:6      | Found a staircase to the Ecumenical Temple.
  1686 | Temple   | Entered the Ecumenical Temple
  1795 | Temple   | Became a worshipper of Cheibriados the Contemplative
  1862 | D:7      | Noticed a yak
  1869 | D:7      | Killed a yak
  1869 | D:7      | Reached skill level 5 in Dodging
  1869 | D:7      | Reached XP level 8. HP: 50/50 MP: 4/14
  1871 | D:7      | Noticed a yak
  1871 | D:7      | Noticed a yak
  1872 | D:7      | Noticed a yak
  1872 | D:7      | Noticed a yak
  1872 | D:7      | Noticed a yak
  1884 | D:7      | Killed a yak
  1885 | D:7      | Killed a yak
  1885 | D:7      | Killed a yak
  1889 | D:7      | Killed a yak
  1890 | D:7      | Killed a yak
  1890 | D:7      | Reached XP level 9. HP: 29/54 MP: 1/15
  1928 | D:7      | Reached skill level 1 in Evocations
  2204 | D:7      | Noticed Joseph
  2253 | D:7      | Reached * piety under Cheibriados
  2257 | D:7      | Killed Joseph
  2257 | D:7      | Reached skill level 9 in Poison Magic
  2395 | D:8      | Reached skill level 5 in Spellcasting
  2419 | D:8      | Reached skill level 10 in Poison Magic
  2667 | D:9      | Reached skill level 11 in Poison Magic
  2667 | D:9      | Reached XP level 10. HP: 61/63 MP: 5/17
  2705 | D:9      | Reached ** piety under Cheibriados
  2831 | D:10     | Entered Level 10 of the Dungeon
  2882 | D:9      | Found a staircase to the Orcish Mines.
  2908 | D:9      | HP: 2/65 [two-headed ogre zombie (8)]
  2959 | D:9      | Reached *** piety under Cheibriados
  2962 | D:9      | Reached skill level 5 in Fighting
  3005 | D:9      | Reached skill level 5 in Stealth
  3010 | D:9      | Reached skill level 1 in Invocations
  3078 | D:9      | Found a sacrificial altar of Ru.
  3186 | D:10     | Noticed a two-headed ogre
  3194 | D:10     | Killed a two-headed ogre
  3194 | D:10     | Reached skill level 5 in Invocations
  3203 | D:10     | Found a burning altar of Makhleb.
  3275 | D:10     | Noticed Urug
  3279 | D:10     | Killed Urug
  3306 | D:10     | Reached **** piety under Cheibriados
  3309 | D:10     | Reached XP level 11. HP: 46/71 MP: 1/18
  3390 | D:10     | Noticed a green ugly thing
  3396 | D:10     | Killed a green ugly thing
  3396 | D:10     | Reached skill level 1 in Shields
  3493 | D:11     | Noticed a two-headed ogre
  3499 | D:11     | Killed a two-headed ogre
  3554 | D:11     | Slain by a hippogriff

Illustrated notes

Levels and vault maps discovered:
D:1:      scummos_arrival_forest, layout_rooms, minmay_misc_feat_five,
          hex_large, serial_bayou_pond_d, minmay_strange_pillars
D:2:      layout_loops_ring, first_ration, uniq_jessica
D:3:      layout_basic, zin_purify, gammafunk_ghost_arena,
          okawaru_metal_pillars_1_2, uniq_terence
D:4:      layout_cave_pods
D:5:      gammafunk_steamed_eel, layout_cave_pods, uniq_menkaure, uniq_ijyb
D:6:      layout_cave_pools, minmay_temple_entry_waves
D:7:      layout_basic, st_stairs_5, uniq_joseph
D:8:      layout_basic, david_lair_generic, the_bakery, uniq_gastronok
D:9:      layout_basic, zombieorc2_lemuel, basic_altar
D:10:     layout_roguey, basic_altar, uniq_urug, uniq_josephine, uniq_maurice
D:11:     layout_gridville
Temple:   minmay_crystal_snake_temple

Skill      XL: |  1  2  3  4  5  6  7  8  9 10 11 |
---------------+----------------------------------+-----
Poison Magic   | 4 6 7 8 11 | 11.0
Spellcasting   | 3 4 5 |  5.0
Fighting       | 2 3 5 |  5.0
Dodging        | 5 8 9 |  9.8
Evocations     | 3 |  3.0
Stealth        | 5 |  5.0
Invocations    | 7 8 |  8.0
Shields        | 4 |  4.0
Transmutations | |  1.0

Action                   |  1- 3 |  4- 6 |  7- 9 | 10-12 || total
-------------------------+-------+-------+-------+-------++-------
Melee: Unarmed           |    20 |    16 |       |    11 ||    47
       Constrict         |     8 |    12 |     9 |    21 ||    50
       Tentacles         |     6 |     3 |    10 |    38 ||    57
       Short sword       |       |    23 |    19 |       ||    42
       Flail             |       |       |    33 |     9 ||    42
       Scimitar          |       |       |       |    58 ||    58
       Long sword        |       |       |       |    13 ||    13
Throw: Boomerang         |       |       |       |    12 ||    12
 Cast: Sting             |    17 |    19 |    14 |     1 ||    51
       Poisonous Vapours |     2 |    18 |    33 |     6 ||    59
       Olgreb's Toxic Ra |       |     3 |    14 |    18 ||    35
       Ignite Poison     |       |       |     8 |    17 ||    25
       Mephitic Cloud    |       |       |     2 |    11 ||    13
Evoke: Wand              |       |     2 |     9 |    10 ||    21
  Use: Scroll            |       |     5 |     7 |     3 ||    15
       Potion            |       |       |     3 |     2 ||     5
 Stab: Sleeping          |     1 |     2 |     1 |     1 ||     5
       Paralysed         |       |       |       |     4 ||     4
  Eat: Ration            |       |     2 |     1 |     1 ||     4
       Chunk             |       |       |       |     2 ||     2
Armor: Skin              |     1 |     1 |     5 |    14 ||    21
Dodge: Dodged            |    22 |    38 |    73 |   108 ||   241
Block: Buckler           |       |       |       |     7 ||     7
       Rpst.: Scimitar   |       |       |       |    21 ||    21
       Long sword        |       |       |       |     9 ||     9

Table legend:
 A = Non-vault XP
 B = Vault XP
 C = Vault XP percentage of total XP
 D = Non-vault monster count
 E = Vault monster count
 F = Vault count percentage of total count
                 A         B        C        D         E       F
            +---------+---------+-------+---------+---------+-------
      Total |   10472 |    2697 |  20.5 |     166 |      40 |  19.4
            +---------+---------+-------+---------+---------+-------
        D:1 |       8 |       0 |   0.0 |       6 |       0 |   0.0
        D:2 |      26 |      37 |  58.7 |       7 |       1 |  12.5
        D:3 |     193 |       0 |   0.0 |      20 |       0 |   0.0
        D:4 |     120 |       0 |   0.0 |      20 |       0 |   0.0
        D:5 |     291 |      36 |  11.0 |      10 |       1 |   9.1
        D:6 |     461 |       0 |   0.0 |      14 |       0 |   0.0
        D:7 |    1661 |     515 |  23.7 |      15 |       3 |  16.7
        D:8 |     181 |     426 |  70.2 |       8 |       2 |  20.0
        D:9 |    2238 |     828 |  27.0 |      31 |      32 |  50.8
       D:10 |    2303 |     855 |  27.1 |      19 |       1 |   5.0
       D:11 |    2990 |       0 |   0.0 |      16 |       0 |   0.0
            +---------+---------+-------+---------+---------+-------
